Bacon, lawful female human Knight ------- $ |.....| ----------- #-.....| #..........| #|..<...# ------------- ###|.......... #-------# |`.........`| # |.>.......| ! #### # |.....`.....| ### |.........| # # |...-----...| # |.........| # # |...|..}|...|### ----------- # ### |.}`..}.|`..|# [ # # |...|${.|...|# $ # ### |...-----...|# ) # * # |.....`.....|# --d-----# $ ##.`(........`-# |ou.%..|# $ ------------- * $ |@o^%..|# ........# $ -------- Bacon the Bachelor Experience level: 6 Strength: 14 Dexterity: 9 Constitution: 14 Intelligence: 6 Wisdom: 17 Charisma: 18 Health: 0(45) Energy: 47(47) Def: 9 Gold: 167 Moves: 3201 Dungeon seed: HFlPj2lEplNNCuxf Game ID: Bacon_1512333563 Your Inventory: Coins $ - 167 gold pieces Weapons a - the blessed rustproof +1 Excalibur (weapon in hand) b - an uncursed +1 lance (alternate weapon; not wielded) i - an uncursed +0 orcish dagger of searching M - an uncursed +0 elven dagger R - a blessed +1 axe Armor e - an uncursed +0 orcish helm (being worn) q - an uncursed +0 small shield (being worn) r - an uncursed +0 pair of leather gloves (being worn) z - an uncursed +0 banded mail (being worn) Comestibles c - 6 uncursed apples d - 8 uncursed carrots I - 2 uncursed tripe rations S - an uncursed fortune cookie Potions h - an uncursed potion of water Rings l - a cursed ring of hunger p - an uncursed ring of regeneration K - a cursed -1 ring of protection Tools g - an uncursed leash o - an uncursed magic marker (0:94) X - an uncursed mirror Z - an uncursed blindfold Gems n - an uncursed worthless piece of green glass y - an uncursed worthless piece of white glass L - an uncursed worthless piece of yellow glass N - 2 uncursed worthless pieces of red glass Y - 2 uncursed worthless pieces of black glass Spells and supernatural/magical abilities: Spells marked with '*' are forgotten. Spells marked with '!' are maintained. Spells marked with '#' are aliased with 'castalias'. Name Level Category Fail Memory W - pray for help -- divine ? -- X - turn undead -- divine ? -- Your skills at the end: Fighting Skills riding [Basic] wands [Basic] Weapon Skills long sword [Basic] lance [Basic] Spellcasting Skills Final Attributes: You were fire resistant. You were level-drain resistant. You could jump. You were lucky. You last prayed 1711 turns ago. You are dead. Vanquished creatures: a large dog a housecat a blue jelly a fire ant a mountain nymph a fog cloud a shrieker 2 gray oozes 2 elf zombies a ghoul a baby crocodile a dwarf 6 hill orcs 2 rothes 2 giant bats a dwarf zombie 3 iguanas an acid blob 2 coyotes a gas spore a hobbit a hobgoblin 4 giant rats 3 cave spiders 2 brown molds 2 yellow molds a red mold a gnome zombie 8 geckos 8 jackals 2 foxes 3 goblins a sewer rat 3 grid bugs 7 lichens 5 newts 84 creatures vanquished. Voluntary challenges: You used a wielded weapon 102 times, starting on turn 34. You read items or engraved 1 time, starting on turn 1005. You never genocided any monsters. You never polymorphed an object. You never changed form. You used no wishes. You never split a pudding. You never wrote Elbereth's name. You violated your moral code, losing 2 points of alignment, starting on turn 1790. Dungeon overview: The Dungeons of Doom: levels 1 to 7 Level 1 a long staircase Level 2 a vault Level 3 an altar to Manannan Mac Lir Level 4 an altar to Brigit, a vault a long staircase Level 5 Level 6 some fountains Level 7 <- You were here a fountain History has recorded: On T:1 you entered the Dungeons of Doom to retrieve the Amulet of Yendor! On T:288 you reached level 2 of The Dungeons of Doom. On T:324 you advanced to experience level 2. On T:631 you advanced to experience level 3. On T:751 you reached level 3 of The Dungeons of Doom. On T:1260 you reached level 4 of The Dungeons of Doom. On T:1367 you advanced to experience level 4. On T:1537 you reached level 5 of The Dungeons of Doom. On T:1812 you reached level 6 of The Dungeons of Doom. On T:2150 you reached level 7 of The Dungeons of Doom. On T:2300 you advanced to experience level 5. On T:2672 you received advice from The Oracle On T:3041 you advanced to experience level 6. Score breakdown: Gold: 167 ( 7569 points) Experience: 6 levels (12456 points) Exploration: 7 levels ( 15.56%) (11078 points) Discoveries: 7 items ( 2.80%) ( 5019 points) Valuables value: (no points given unless you survive) Artifact value: 4000 (12253 points) Variety of kills: 36 monsters ( 9.47%) ( 9233 points) Turncount: 3201 turns ( -695 points) Survival: died (score multiplied by 80%) Total score: 45530 Latest messages: You hit the hill orc! The coyote misses the pony. The pony misses the coyote. The pony bites the coyote. The hill orc hits! The hill orc misses. The hill orc hits! You hit the hill orc! The coyote misses the pony. The pony misses the coyote. (2x) The hill orc hits! (2x) The hill orc slows down. You sense the presence of objects. The coyote misses the pony. The pony misses the coyote. (2x) The hill orc misses. The hill orc hits! You die... For some reason, you think that you can almost hear the Wizard laugh manically... Final status: Fare thee well Bacon the Knight, killed by a hill orc... You died in The Dungeons of Doom on dungeon level 7 with 45530 points, and 167 pieces of gold, after 3201 moves. You were level 6 with a maximum of 45 hit points when you died.